Map: Ever Dream LE

Players

MarineLorD - Winner!

  • Race: Terran Terran
  • League: Master
  • Spawn Location: 7:00

LiquidMaNa (MaNa)

  • Race: Protoss Protoss
  • League: Grandmaster
  • Spawn Location: 1:00

Event: DreamHack SC2 Masters 2020 Fall

VOD

Have the link to the VOD?

Description

Time

  • Played on: Sept. 10, 2020, 12:04 p.m.
  • Length: 6:25

All games in this series

Show
View Real Time Build Order
Export as new Build Order

MarineLorD Terran - Winner!

Build Orders: 1/1/1 

Get SALT Encoding   

  12  0:00  SCV  
  13  0:12  SCV  
  14  0:16  Supply Depot  
  14  0:24  SCV  
  15  0:38  Barracks, SCV  
  16  0:43  Refinery  
  16  0:50  SCV  
  16  0:53  Refinery  
  17  1:02  SCV  
  18  1:07  Supply Depot  
  18  1:14  SCV  
  19  1:28  Orbital Command, Marine  
  20  1:38  Factory  
  20  1:47  Barracks Tech Lab  
  20  1:54  SCV  
  21  2:06  Marauder, SCV, Concussive Shells  
  24  2:22  Hellion  
  27  2:23  Starport  
  27  2:25  Supply Depot  
  26  2:32  Marauder  
  26  2:35  SCV  
  29  2:43  Hellion  
  31  2:51  SCV  
  32  2:53  Marauder  
  34  2:59  Medivac  
  34  3:03  Supply Depot  
  36  3:08  Hellion  
  36  3:12  SCV  
  39  3:25  SCV  
  40  3:40  Command Center  
  40  3:43  SCV  
  41  3:53  Raven, Factory Tech Lab  
  41  3:54  Barracks Reactor  
  43  3:56  SCV  
  43  3:58  Supply Depot  
  44  4:08  SCV  
  45  4:20  SCV  
  46  4:32  SCV  
  46  4:36  Raven, Siege Tank, Marine x2  
  51  4:44  SCV  
  46  4:54  Marine x2  
  46  4:56  SCV  
  43  5:00  Orbital Command  
  43  5:08  SCV  
  43  5:09  Siege Tank  
  43  5:12  Marine x2  
  49  5:15  Barracks  
  49  5:22  SCV  
  49  5:27  Barracks, SCV  
  51  5:34  SCV  
  52  5:35  Engineering Bay  
  52  5:38  Marine x2  
  52  5:39  SCV, Supply Depot  
  55  5:47  SCV  
  56  5:51  Siege Tank, SCV  
  60  5:59  SCV  
  60  6:03  SCV, Marine x2  
  64  6:04  Barracks Tech Lab  
  64  6:11  SCV  
  67  6:14  Missile Turret  
  67  6:15  Supply Depot  
  67  6:16  Supply Depot  
Show
View Real Time Build Order
Export as new Build Order

LiquidMaNa Protoss 

Build Orders: 1 Gate Expand 

Get SALT Encoding   

  12  0:00  Probe  
  13  0:12  Probe  
  14  0:17  Pylon  
  14  0:24  Probe (Chrono Boost)  
  15  0:36  Probe (Chrono Boost)  
  15  0:38  Gateway  
  16  0:44  Probe (Chrono Boost)  
  16  0:47  Assimilator  
  17  0:50  Probe  
  18  1:03  Probe  
  19  1:15  Probe  
  20  1:25  Cybernetics Core  
  20  1:32  Nexus  
  20  1:35  Probe  
  21  1:43  Pylon  
  21  1:48  Probe  
  21  1:52  Assimilator  
  22  1:59  Warp Gate (Chrono Boost), Adept (Chrono Boost)  
  22  2:04  Probe  
  25  2:16  Probe  
  25  2:21  Stalker  
  28  2:28  Probe  
  29  2:37  Gateway  
  29  2:39  Gateway  
  29  2:42  Probe  
  30  2:46  Probe  
  31  2:51  Adept  
  31  2:55  Probe  
  35  2:58  Probe  
  35  3:04  Pylon  
  35  3:07  Probe  
  35  3:10  Probe  
  37  3:17  Robotics Facility  
  37  3:22  Probe x2  
  39  3:41  Stalker x3  
  41  3:49  Shield Battery  
  36  3:55  Pylon  
  36  3:59  Pylon  
  36  4:02  Sentry  
  38  4:03  Stalker  
  38  4:06  Zealot  
  38  4:23  Stalker x2  
  34  4:28  Stalker  
  24  4:41  Pylon  
  15  4:55  Probe x2 (Chrono Boost)  
  16  5:06  Probe (Chrono Boost)  
  18  5:07  Probe (Chrono Boost)  
  18  5:09  Observer  
  18  5:11  Probe (Chrono Boost)  
  18  5:13  Probe  
  20  5:19  Sentry  
  23  5:21  Probe (Chrono Boost)  
  25  5:30  Probe (Chrono Boost)  
  25  5:33  Probe (Chrono Boost)  
  26  5:39  Probe (Chrono Boost)  
  26  5:40  Probe (Chrono Boost)  
  28  5:48  Probe  
  28  5:49  Probe  
  27  6:02  Probe (Chrono Boost)  
  29  6:04  Probe (Chrono Boost)  
  29  6:11  Stalker  
  30  6:12  Probe (Chrono Boost)  
  30  6:15  Probe (Chrono Boost)  

Tags
 
Add a new tag
Caveats
  • Supply blocks, unpowered buildings, or Contaminate may cause inaccurate times.
  • Supply counts are checked every 10 seconds.